 Dungeon Crawl Stone Soup version 0.19-a0-1493-gd0fcaa6 (webtiles) character file.

28 roguesci the Grasshopper (level 2, -7/23 HPs)
             Began as a Demonspawn Warper on Sept 9, 2016.
             Mangled by Terence
             ... wielding a +0 morningstar
              (11 damage)
             ... on level 2 of the Dungeon.
             The game lasted 00:02:08 (1024 turns).

roguesci the Grasshopper (Demonspawn Warper)        Turns: 1024, Time: 00:02:09

Health: -7/23      AC:  3    Str: 11    XL:     2   Next: 96%
Magic:  4/5        EV: 12    Int: 14    God:
Gold:   24         SH:  0    Dex: 12    Spells: 2 memorised, 2 levels left

rFire  . . .     SeeInvis .     a - +0 falchion
rCold  . . .     Gourm    .     b - +0 leather armour
rNeg   . . .     Faith    .     (no shield)
rPois  .         Spirit   .     (no helmet)
rElec  .         Dismiss  .     (no cloak)
rCorr  .         Reflect  .     (no gloves)
MR     .....     Harm     .     (no boots)
Stlth  +.........               (no amulet)
                                (no ring)
                                (no ring)

@: no status effects
A: talons 1
a: no special abilities


You were on level 2 of the Dungeon.
You were hungry.

You visited 1 branch of the dungeon, and saw 2 of its levels.

You collected 24 gold pieces.

Inventory:

Hand Weapons
 a - a +0 falchion (weapon)
Missiles
 e - 5 tomahawks of dispersal (quivered)
Armour
 b - a +0 leather armour (worn)
Scrolls
 d - a scroll of blinking
 g - 2 scrolls of teleportation {unknown}
Books
 c - a book of Spatial Translocations

   Spells                             Type                      Level
   a - Apportation                    Translocation                1
   b - Blink                          Translocation                2
   c - Shroud of Golubria             Charms/Translocation         2
   d - Portal Projectile              Translocation                3
   e - Teleport Other                 Translocation                3
   f - Passage of Golubria            Translocation                4
Comestibles
 f - a bread ration


   Skills:
 * Level 2.4 Fighting
 * Level 2.0 Long Blades
 - Level 0.8 Throwing
 + Level 1.1 Armour
 * Level 2.0 Dodging
 + Level 2.2 Spellcasting
 * Level 3.0 Translocations


You had 2 spell levels left.
You knew the following spells:

 Your Spells              Type           Power        Failure   Level  Hunger
a - Apportation           Tloc           ##........   10%         1    #......
b - Shroud of Golubria    Chrm/Tloc      #.........   24%         2    ###....


Dungeon Overview and Level Annotations

Branches:
Dungeon (2/15)

Altars:

Annotations:
D:2 Terence


Innate Abilities, Weirdness & Mutations

You have sharp toenails.


Message History

Terence closely misses you.
You hit Terence but do no damage.
Terence is severely wounded.
Terence misses you.
You riposte.
You hit Terence but do no damage.
Terence is severely wounded.
You hit Terence but do no damage. You claw Terence, but do no damage.
Terence is severely wounded.
Terence hits you with a morningstar.
You hit Terence. You claw Terence, but do no damage.
Terence is almost dead.
Terence hits you with a morningstar!
* * * LOW HITPOINT WARNING * * *
You hit Terence. Your kick misses Terence.
Terence is almost dead.
Terence hits you with a morningstar.
* * * LOW HITPOINT WARNING * * *
You barely miss Terence.
Terence is almost dead.
Terence hits you with a morningstar!
You die...

# # .#
####.#####.####.
................
#...@@<.......
#.######.##.#. #


You could see Terence.

Vanquished Creatures
  A dart slug (D:1)
  6 bats (D:1)
  2 giant cockroaches (D:1)
  6 goblins (D:1)
  2 hobgoblins (D:1)
  A jackal (D:1)
  A kobold (D:1)
  A giant newt (D:1)
20 creatures vanquished.

Notes
Turn   | Place    | Note
-------+----------+-------------------------------------------
     0 | D:1      | roguesci the Demonspawn Warper began the quest for the Orb.
     0 | D:1      | Reached XP level 1. HP: 16/16 MP: 3/3
    22 | D:1      | Reached skill level 1 in Armour
   219 | D:1      | Gained mutation: You have sharp toenails. [demonic ancestry]
   219 | D:1      | Reached XP level 2. HP: 22/22 MP: 5/5
   583 | D:1      | Reached skill level 3 in Translocations
  1005 | D:2      | Noticed Terence
  1009 | D:2      | Learned a level 2 spell: Shroud of Golubria
  1024 | D:2      | Mangled by Terence

Vault maps used:
D:1:      kennysheep_arrival_seaside
D:2:      uniq_terence

Skill      XL: |  1  2 |
---------------+-------+-----
Armour         | 1 |  1.1
Translocations | 3 |  3.0
Long Blades    | 2 |  2.0
Dodging        | 2 |  2.0
Fighting       | |  2.4
Throwing       | |  0.8
Spellcasting   | |  2.2

Action                   || total
-------------------------++-------
Melee: Falchion          ||   105
       Kick              ||    17
 Cast: Shroud of Golubri ||     1
  Use: Potion            ||     2
Armor: Leather armour    ||    29
Dodge: Dodged            ||    64
